 Dungeon Crawl Stone Soup version 0.31-a0-174-g85c54bcb58 (webtiles) character file.

Game seed: 5848995833940180536

378 qw the Shooter (level 6, -2/40 HPs)
             Began as a Gargoyle Hunter on June 15, 2023.
             Slain by Pikel
             ... wielding a +1 whip of flaming
              (3 damage)
             ... on level 4 of the Dungeon.
             The game lasted 00:01:03 (2728 turns).

qw the Shooter (Gargoyle Hunter)                    Turns: 2728, Time: 00:01:03

Health: -2/40      AC:  9    Str: 14    XL:     6   Next: 74%
Magic:  6/6        EV: 12    Int: 10    God:
Gold:   158        SH:  0    Dex: 13    Spells: 5/5 levels left

rFire   . . .        Y - +1 shortbow
rCold   + . .        (shield currently unavailable)
rNeg    + . .        b - +2 robe {rC+}
rPois   inf          (no helmet)
rElec   +            a - +0 cloak
rCorr   .            (no gloves)
SInv    +            (no boots)
Will    .....        (no amulet)
Stlth   ++           e - ring of see invisible
HPRegen 0.26/turn    (no ring)
MPRegen 0.10/turn

%: no passive effects
@: no status effects
A: sickness immunity, AC +4, negative energy resistance 1, electricity
resistance, torment resistance 1, petrification resistance, clumsy 1,
deterioration 1, MP-powered wands
a: no special abilities


You were on level 4 of the Dungeon.
You visited 2 branches of the dungeon, and saw 5 of its levels.

You collected 158 gold pieces.


Innate Abilities, Weirdness & Mutations

You are immune to sickness and miasma.
Your stone body is resilient. (AC +4)
You are immune to poison.
You resist negative energy. (rN+)
You are resistant to electric shocks. (rElec)
You are resistant to unholy torment.
You are immune to petrification.
You are clumsy. (Dex -2)
Your body sometimes deteriorates upon taking damage.
You expend magic power (3 MP) to strengthen your wands.


   Skills:
 - Level 5.3 Fighting
 + Level 6.3 Ranged Weapons
 - Level 1.5 Dodging
 - Level 1.1 Stealth


You had 5 spell levels left.
You didn't know any spells.
Your spell library was empty.

Inventory:

Hand Weapons
 Y - a +1 shortbow (weapon)
Armour
 a - a +0 cloak (worn)
 b - a +2 robe of cold resistance (worn)
Jewellery
 e - a ring of see invisible (left hand)
 k - a ring of see invisible
Scrolls
 j - a scroll of identify
Potions
 d - a potion of cancellation
 f - a potion of mutation
 h - a potion of curing
 i - a potion of degeneration {unknown}
 m - a potion of lignification {unknown}
 o - a potion of enlightenment {unknown}

Dungeon Overview and Level Annotations

Branches:
Dungeon (4/15)             Temple (1/1) D:4

Altars:
Ashenzari
Dithmenos
Elyvilon
Gozag
Hepliaklqana
Kikubaaqudgha
Nemelex Xobeh
Ru
Trog
Uskayaw
Vehumet
Wu Jian
Yredelemnul
The Shining One

Annotations:
D:2 1 runed translucent door, Crazy Yiuf
D:4 Pikel


Message History

The lemure barely misses you. The lemure misses you.
You shoot an arrow. The arrow hits the lemure.
The lemure is almost dead.
The lemure misses you. The lemure closely misses you.
You shoot an arrow. The arrow closely misses the lemure.
The lemure hits you. The lemure hits you but does no damage.
You shoot an arrow. The arrow hits the lemure.
The lemure is almost dead.
The lemure hits you. The lemure closely misses you.
You shoot an arrow. The arrow barely misses the lemure.
The lemure hits you but does no damage. The lemure misses you.
You shoot an arrow. The arrow barely misses the lemure.
The lemure hits you but does no damage. x2
You shoot an arrow. The arrow barely misses the lemure.
The lemure hits you. x2; The lemure hits you but does no damage.
You shoot an arrow.
The arrow hits the lemure but does no damage.
The lemure is almost dead.
Pikel hits you with a +1 whip of flaming!
Pikel burns you. The lemure hits you but does no damage.
You shoot an arrow. The arrow misses the lemure.
Pikel hits you with a +1 whip of flaming.
Pikel burns you. The lemure barely misses you.
You shoot an arrow. The arrow misses the lemure.
Pikel misses you. The lemure hits you.
You shoot an arrow. The arrow hits the lemure.
The lemure is almost dead.
Pikel hits you but does no damage. The lemure hits you but does no damage.
You shoot an arrow. The arrow hits the lemure.
You kill the lemure!
That felt strangely unrewarding.
Pikel says, "You'll feel the lick of my whip!"
Pikel closely misses you.
You shoot an arrow. The arrow closely misses Pikel.
The arrow hits the lemure but does no damage.
Pikel zaps a wand.
The puff of flame hits you!
You shoot an arrow. The arrow hits Pikel!
Pikel is moderately wounded.
Pikel hits you with a +1 whip of flaming.
You die...

#....#.......#..#..##
#....#..........#.#.#
#.#................#.
###.#.................#
#....................
##............ .
###.%........ #
#............
#..###@....... #.#
#K###.#.. ...


555 # #.# ..... #. .#...#. # .8.8.8.8. .. ..... .. +. ...$... .+ You could see
Pikel and 3 lemures.

Vanquished Creatures
  Sigmund (D:2)
  A lemure (D:4)
  A scorpion (D:4)
  A hound (D:3)
  Jessica (D:2)
  A gnoll (D:1)
  4 adders (D:2)
  An orc (D:3)
  12 endoplasms
  A giant cockroach (D:3)
  5 goblins (D:1)
  4 hobgoblins
  8 jackals
  4 ball pythons
  5 bats
  A frilled lizard (D:1)
  7 kobolds
  10 rats
68 creatures vanquished.

Notes
Turn   | Place    | Note
-------+----------+-------------------------------------------
     0 | D:1      | qw the Gargoyle Hunter began the quest for the Orb.
     0 | D:1      | Reached XP level 1. HP: 12/12 MP: 1/1
     0 | D:1      | 0 ||| qw: Version: 0.2-a-29-g511e9b1
     0 | D:1      | 0 ||| qw: Game counter: 5625
     0 | D:1      | 0 ||| qw: Always use a shield: true
     0 | D:1      | 0 ||| qw: God list: Okawaru
     0 | D:1      | 0 ||| qw: Allow faded altars: false
     0 | D:1      | 0 ||| qw: Do Orc after D:15 true
     0 | D:1      | 0 ||| qw: Do second Lair branch before Depths: true
     0 | D:1      | 0 ||| qw: Lair rune preference: random
     0 | D:1      | 0 ||| qw: Plans: Normal, Zot:1-4, Slime:5, God:TSO, Crypt,
                  | Tomb, Abyss, Pan, Hells, Win
     0 | D:1      | 0 ||| PLANNING D:1-11
    58 | D:1      | 58 ||| Stepping ~*~*~tactically~*~*~ (water).
   182 | D:1      | Reached XP level 2. HP: 17/17 MP: 2/2
   495 | D:1      | Found a faded altar of an unknown god.
   540 | D:1      | Reached skill level 5 in Ranged Weapons
   540 | D:1      | Reached XP level 3. HP: 21/21 MP: 3/3
   970 | D:1      | 970 ||| UPGRADING to ring of see invisible.
   971 | D:1      | 971 ||| READING scroll labelled CETUID QAHUBU.
   972 | D:1      | 972 ||| READING scroll labelled DUSTUL SUGED.
   973 | D:1      | 973 ||| DROPPING scroll of butterflies.
  1028 | D:2      | Found a glowing golden altar of the Shining One.
  1145 | D:2      | Noticed Sigmund
  1151 | D:2      | HP: 4/22 [Sigmund/puff of flame (8)]
  1156 | D:2      | HP: 1/22 [Sigmund/+0 scythe (5)]
  1158 | D:2      | Killed Sigmund
  1159 | D:2      | Reached XP level 4. HP: 2/31 MP: 4/4
  1159 | D:2      | Reached XP level 5. HP: 2/35 MP: 5/5
  1414 | D:2      | Noticed Jessica
  1419 | D:2      | Killed Jessica
  1420 | D:2      | Reached XP level 6. HP: 40/40 MP: 6/6
  1850 | D:2      | Found a runed translucent door.
  1851 | D:2      | Noticed Crazy Yiuf
  1854 | D:2      | 1854 ||| UPGRADING to +0 cloak.
  1859 | D:2      | 1859 ||| UPGRADING to +2 robe of cold resistance.
  1869 | D:2      | 1869 ||| DROPPING +0 leather armour.
  1870 | D:2      | 1870 ||| READING scroll labelled TUTSUIFEYT.
  1871 | D:2      | 1871 ||| READING scroll labelled NUUMEZUSETT.
  1902 | D:2      | 1902 ||| READING scroll labelled SATHASUTEO.
  1965 | D:2      | 1965 ||| DRINKING 2 fuming inky potions.
  1965 | D:2      | Gained mutation: You are clumsy. (Dex -2) [potion of
                  | mutation]
  1965 | D:2      | Gained mutation: Your body sometimes deteriorates upon
                  | taking damage. [potion of mutation]
  1965 | D:2      | Gained mutation: You expend magic power (3 MP) to
                  | strengthen your wands. [potion of mutation]
  1966 | D:2      | 1966 ||| DRINKING 2 inky potions.
  1967 | D:2      | 1967 ||| READING 2 scrolls of identify.
  1967 | D:2      | 1967 ||| IDENTIFYING emerald potion
  2278 | D:3      | Reached skill level 6 in Ranged Weapons
  2425 | D:3      | 2425 ||| READING scroll labelled MIPHIPNUILU.
  2426 | D:3      | 2426 ||| READING 2 scrolls of identify.
  2426 | D:3      | 2426 ||| IDENTIFYING lumpy ruby potion
  2427 | D:3      | 2427 ||| DROPPING potion of brilliance.
  2464 | D:4      | Found a staircase to the Ecumenical Temple.
  2465 | D:4      | 2465 ||| PLANNING TEMPLE
  2471 | Temple   | Entered the Ecumenical Temple
  2581 | Temple   | 2581 ||| PLANNING D:1-11
  2705 | D:4      | Noticed Pikel
  2724 | D:4      | HP: 10/40 [lemure[Pikel] (1)]
  2727 | D:4      | HP: 1/40 [Pikel/puff of flame (10)]
  2728 | D:4      | Slain by Pikel

Levels and vault maps discovered:
D:1:      sevenhm_arrival_forest_fort_small_5, layout_basic,
          dreamdust_ecumenical_altar_hidden_monk_grotto,
          chequers_serial_rivers_micro_b
D:2:      layout_basic, basic_altar, uniq_sigmund, uniq_jessica,
          uniq_crazy_yiuf_cottage
D:3:      layout_rooms
D:4:      layout_cave_pools, general_overflow_altar, minmay_temple_entry_wispy,
          dk_noncrumbling_3, uniq_pikel, uniq_ijyb
Temple:   dshaligram_water_room_temple

Skill      XL: |  1  2  3  4  5  6 |
---------------+-------------------+-----
Ranged Weapons | 5 6 |  6.3
Fighting       | 5 |  5.3
Dodging        | |  1.5
Stealth        | |  1.1

Action                     |  1- 3 |  4- 6 || total
---------------------------+-------+-------++-------
   Fire: Shortbow          |    87 |   137 ||   224
    Use: Scroll            |     2 |     6 ||     8
         Potion            |       |     2 ||     2
 Armour: Leather armour    |    10 |     8 ||    18
         Robe              |       |    27 ||    27
  Dodge: Dodged            |    17 |    44 ||    61

Table legend:
 A = Non-vault XP
 B = Vault XP
 C = Vault XP percentage of total XP
 D = Non-vault monster count
 E = Vault monster count
 F = Vault count percentage of total count
                 A         B        C        D         E       F
            +---------+---------+-------+---------+---------+-------
      Total |     290 |     251 |  46.4 |      65 |       2 |   3.0
            +---------+---------+-------+---------+---------+-------
        D:1 |      51 |       0 |   0.0 |      24 |       0 |   0.0
        D:2 |      78 |     251 |  76.3 |      18 |       2 |  10.0
        D:3 |      70 |       0 |   0.0 |      16 |       0 |   0.0
        D:4 |      91 |       0 |   0.0 |       7 |       0 |   0.0
            +---------+---------+-------+---------+---------+-------
